 Dungeon Crawl Stone Soup version 0.25-a0-513-ge77a69270c (webtiles) character file.

Game seed: 13858696325671503607, levelgen mode: deterministic

50 vurker the Gusty (level 3, 0/15 HPs)
             Began as a Felid Air Elementalist on Feb 16, 2020.
             Was an Initiate of Vehumet.
             Killed by divine providence
             ... invoked by an orc priest
              (15 damage)
             ... on level 3 of the Dungeon.
             The game lasted 00:02:39 (2164 turns).

vurker the Gusty (Felid Air Elementalist)           Turns: 2164, Time: 00:02:40

Health: 0/15       AC:  1    Str:  4    XL:     3   Next: 55%
Magic:  3/7        EV: 18    Int: 17    God:    Vehumet [......]
Gold:   84         SH:  0    Dex: 16    Spells: 6/7 levels left
                                        Lives:  0   Deaths: 0

rFire    . . .     SeeInvis +   (weapon unavailable)
rCold    . . .     Gourm    .   (shield unavailable)
rNeg     . . .     Faith    .   (armour unavailable)
rPois    .         Spirit   .   (helmet unavailable)
rElec    .         Reflect  .   (cloak unavailable)
rCorr    .         Harm     .   (gloves unavailable)
MR       .....                  (boots unavailable)
Stlth    +++.......             (no amulet)
HPRegen  0.05/turn              (no ring)
MPRegen  0.10/turn              (no ring)

@: quick
A: very small, no armour, no weapons or thrown items, stealth, claws 1, fangs 3,
see invisible, carnivore, speed 1, shaggy fur 1, slow metabolism 1, sharp paws
a: Renounce Religion


You were on level 3 of the Dungeon.
You worshipped Vehumet.
Vehumet was noncommittal.
You were completely stuffed.

You visited 1 branch of the dungeon, and saw 3 of its levels.

You collected 84 gold pieces.

Inventory:

Scrolls
 a - a scroll of fear {unknown}
Potions
 b - 2 potions of curing {unknown}
 d - a potion of mutation {unknown}
 j - 2 potions of heal wounds
 k - 2 potions of might {unknown}
Comestibles
 e - 4 rations
 g - 5 chunks of flesh


   Skills:
 + Level 1.0 Fighting
 - Level 2.6 Dodging
 - Level 2.6 Stealth
 * Level 2.5 Spellcasting
 + Level 1.6 Conjurations
 * Level 3.2 Air Magic


You had 6 spell levels left.
You knew the following spells:

 Your Spells              Type           Power        Failure   Level  Hunger
a - Shock                 Conj/Air       ##..         7%          1    #......

Your spell library contained the following spells:

 Spells                   Type           Power        Failure   Level  Hunger
 Swiftness                Chrm/Air       #.......     14%         2    ##.....
 Static Discharge         Conj/Air       ##......     21%         3    ###....
 Airstrike                Air            ##........   43%         4    #####..
 Lightning Bolt           Conj/Air       ##........   88%         5    ######.


Dungeon Overview and Level Annotations

Branches:
Dungeon (3/15)

Altars:
Qazlal
Vehumet


Innate Abilities, Weirdness & Mutations

You cannot wear armour.
You are incapable of wielding weapons or throwing items.
Your paws allow you to move quietly. (Stealth)
You have sharp claws.
You have razor-sharp teeth.
You have supernaturally acute eyesight. (SInv)
You are carnivorous and can eat meat at any time.
You cover ground quickly.
You are covered in fur. (AC +1)
You have a slow metabolism.
Your sharp claws are effective at attacking unaware monsters.


Message History

You kill the hobgoblin!
Vehumet accepts your kill.
You can't see any susceptible monsters within range! (Use Z to cast anyway.)
You can't see any susceptible monsters within range! (Use Z to cast anyway.)
You can't see any susceptible monsters within range! (Use Z to cast anyway.) Some of the chunks of flesh in your inventory have rotted away.
a - a scroll labeled RUUMEUDD HAGOB You butcher the hobgoblin corpse.
g - 5 chunks of flesh (gained 4)
You see here a hobgoblin skeleton. x2
You see here a +0 club.
An orc priest comes into view. It is wielding a +0 whip.
The orc priest moves out of view.
A hobgoblin and an orc come into view.
The orc moves out of view.
An orc wizard comes into view. It is wielding a +0 dagger.
There are monsters nearby!
The orc wizard moves out of view.
You see here a +0 club.
You see here a hobgoblin skeleton.
You open the door.
An orc comes into view. It is wielding a +0 short sword.
The orc shouts!
The orc moves out of view.
A quokka comes into view.
There is an open door here.
Aim: an orc, wielding a +0 short sword and wearing a +0 ring mail The zap hits the orc.
Aim: an orc, wielding a +0 short sword and wearing a +0 ring mail (lightly wounded)
The zap hits the orc.
The zap hits the quokka.
The zap misses the orc priest.
The orc priest shouts!
You hear a shout!
An orc wizard comes into view. It is wielding a +0 dagger.
The orc wizard moves out of view.
You hear a shout!
Aim: an orc, wielding a +0 short sword and wearing a +0 ring mail (severely wounded)
The zap hits the orc but does no damage.
The zap hits the quokka.
You kill the quokka!
Vehumet accepts your kill.
The zap misses the orc priest.
You hear a shout!
The orc barely misses you.
Aim: an orc, wielding a +0 short sword and wearing a +0 ring mail (severely wounded)
The zap misses the orc.
The zap hits the orc priest.
A kobold comes into view. It is wielding a +0 dagger.
The orc closely misses you.
The orc priest calls down the wrath of Beogh upon you.
Beogh smites you!
Ouch! That really hurt!
You die...

.# #. ##.## ..#.. ...
... .K. ... .o. #.#
##.## #.# .o. #.# #.#
# #.# ##o##.# #.#
##.@.#.### #.#
##.......... ####.###
##.......####
#......###.........#
#......)รท..........+
#......###.........#
#..#...# #........##
#..#...# #.#...(.##
#..#..## #.##.<.##


You could see an orc priest, an orc wizard, an orc and a kobold (wandering).

Vanquished Creatures
  An adder (D:2)
  A worm (D:2)
  A dart slug (D:1)
  A leopard gecko (D:1)
  An orc (D:2)
  A giant cockroach (D:1)
  2 goblins
  6 hobgoblins
  A quokka (D:3)
  4 bats
  2 frilled lizards
  7 kobolds
  8 rats
36 creatures vanquished.

Notes
Turn   | Place    | Note
-------+----------+-------------------------------------------
     0 | D:1      | vurker the Felid Air Elementalist began the quest for the
                  | Orb.
     0 | D:1      | Reached XP level 1. HP: 7/7 MP: 4/4
   109 | D:1      | Reached skill level 1 in Conjurations
   331 | D:1      | Reached XP level 2. HP: 7/11 MP: 0/6
  1073 | D:1      | Reached skill level 3 in Air Magic
  1252 | D:2      | Found a radiant altar of Vehumet.
  1263 | D:2      | Became a worshipper of Vehumet
  1353 | D:2      | Reached XP level 3. HP: 15/15 MP: 4/7
  1761 | D:2      | Found a stormy altar of Qazlal.
  2086 | D:3      | Reached skill level 1 in Fighting
  2164 | D:3      | Killed from afar by an orc priest

Levels and vault maps discovered:
D:1:      dpeg_chamrin_arrival_tetris, layout_basic
D:2:      layout_basic, lemuel_doored_altar, marbit_many_paths, first_ration,
          minmay_between
D:3:      layout_loops_corners, lemuel_coloured_pillars_altar

Skill      XL: |  1  2  3 |
---------------+----------+-----
Conjurations   | 1 |  1.6
Air Magic      | 3 |  3.2
Fighting       | 1 |  1.0
Dodging        | |  2.6
Stealth        | |  2.6
Spellcasting   | |  2.5

Action                   || total
-------------------------++-------
Melee: Unarmed           ||    10
       Bite              ||     1
 Cast: Shock             ||    80
  Use: Scroll            ||     5
  Eat: Chunk             ||    10
Armor: Skin              ||     1
Dodge: Dodged            ||    20

Table legend:
 A = Non-vault XP
 B = Vault XP
 C = Vault XP percentage of total XP
 D = Non-vault monster count
 E = Vault monster count
 F = Vault count percentage of total count
                 A         B        C        D         E       F
            +---------+---------+-------+---------+---------+-------
      Total |      62 |      10 |  13.9 |      30 |       6 |  16.7
            +---------+---------+-------+---------+---------+-------
        D:1 |      26 |       0 |   0.0 |      16 |       0 |   0.0
        D:2 |      30 |      10 |  25.0 |      11 |       6 |  35.3
        D:3 |       6 |       0 |   0.0 |       3 |       0 |   0.0
            +---------+---------+-------+---------+---------+-------
